 Dungeon Crawl Stone Soup version 0.23.0-3-gf3c87f2 (webtiles) character file.

Game seed: 14249318438370360446

17 Kairos the Insei (level 2, 0/22 HPs)
             Began as a Demigod Transmuter on Feb 24, 2019.
             Killed from afar by an orc wizard (4 damage)
             ... with a magic dart
             ... on level 1 of the Dungeon.
             The game lasted 00:01:27 (967 turns).

Kairos the Insei (Demigod Transmuter)                Turns: 967, Time: 00:01:27

Health: 0/22       AC:  8    Str: 13    XL:     2   Next: 30%
Magic:  7/7        EV: 11    Int: 17    God:
Gold:   27         SH:  0    Dex: 16    Spells: 4/5 levels left

rFire    . . .     SeeInvis .     - Unarmed
rCold    . . .     Gourm    .   (no shield)
rNeg     . . .     Faith    .   j - +0 ring mail
rPois    .         Spirit   .   i - +2 helmet
rElec    .         Reflect  .   (no cloak)
rCorr    .         Harm     .   (no gloves)
MR       +....                  (boots currently unavailable)
Stlth    +.........             (no amulet)
HPRegen  0.07/turn              h - ring of protection from magic
MPRegen  0.10/turn              (no ring)

@: appendage (expiring)
A: talons 3, high mp 1
a: End Transformation


You were on level 1 of the Dungeon.
You were not hungry.
You had grown temporary talons.
You visited 1 branch of the dungeon, and saw 2 of its levels.

You collected 27 gold pieces.

Inventory:

Missiles
 a - 12 arrows
Armour
 b - a +0 robe
 i - a +2 helmet (worn)
 j - a +0 ring mail (worn)
Jewellery
 h - a ring of protection from magic (left hand)
Scrolls
 c - a scroll of enchant armour {unknown}
 g - a scroll of identify {unknown}
 k - a scroll of fog {unknown}
Potions
 e - a potion of flight {unknown}
 f - a potion of magic {unknown}
Comestibles
 d - 2 rations


   Skills:
 + Level 0.8 Fighting
 + Level 1.8 Dodging
 + Level 3.1 Unarmed Combat
 + Level 2.1 Spellcasting
 + Level 1.9 Transmutations


You had 4 spell levels left.
You knew the following spells:

 Your Spells              Type           Power        Failure   Level  Hunger
a - Beastly Appendage     Tmut           #.....       19%         1    #......

Your spell library contained the following spells:

 Spells                   Type           Power        Failure   Level  Hunger
 Sticks to Snakes         Tmut           #.......     28%         2    ###....
 Spider Form              Tmut/Pois      #.........   65%         3    ###....
 Ice Form                 Ice/Tmut       #.......     96%         4    #####..
 Blade Hands              Tmut           #.........   99%         5    ######.


Dungeon Overview and Level Annotations

Branches:
Dungeon (2/15)


Innate Abilities, Weirdness & Mutations

You have an increased reservoir of magic. (+10% MP)
You have claws for feet.


Message History

You resist with almost no effort.
You barely miss the orc wizard.
The orc wizard is lightly wounded.
The orc wizard gestures at you while chanting.
The magic dart hits you.
* * * LOW HITPOINT WARNING * * *
You hit the orc wizard. Your kick misses the orc wizard.
The orc wizard is moderately wounded.
The orc wizard points at you and mumbles some strange words.
The magic dart hits you.
* * * LOW HITPOINT WARNING * * *
You hit the orc wizard but do no damage.
You claw the orc wizard.
The orc wizard is heavily wounded.
The orc wizard casts a spell.
The orc wizard blinks!
Your transformation is almost over.
The orc wizard casts a spell at you. The magic dart hits you.
You die...

.#...............................
.................................
#.###..##.#...........####.#.##.#
...............#.###..# #.#.##.#
...............#.###..## #.#.##.#
....................)..# #.#.##.#
#.###.............##...# #.#.####
#.................##...# #.#.#
#.###..##.#.#..o@.##...# #.#.#
#.###..##.#.#..#..##...# #.#.#
.......................###.#.#
#.##...#..###..#...........#.#
..##...#..# #..#.............##
#.##...#..# #.................#
#.##...#..# #..#..##.#.########
#.##...#..###.....##.#.######
..##...#....................#


You could see an orc wizard.

Vanquished Creatures
  A worm (D:2)
  A dart slug (D:1)
  2 orcs (D:2)
  2 giant cockroaches (D:1)
  A goblin (D:1)
  2 frilled lizards (D:1)
  A kobold (D:1)
  A rat (D:1)
11 creatures vanquished.

Notes
Turn   | Place    | Note
-------+----------+-------------------------------------------
     0 | D:1      | Kairos the Demigod Transmuter began the quest for the Orb.
     0 | D:1      | Reached XP level 1. HP: 15/15 MP: 5/5
   936 | D:2      | Found a faded altar of an unknown god.
   942 | D:2      | Reached skill level 3 in Unarmed Combat
   942 | D:2      | Reached XP level 2. HP: 22/22 MP: 5/7
   967 | D:1      | Killed from afar by an orc wizard

Skill      XL: |  1 |
---------------+----+-----
Spellcasting   | 2 |  2.1
Unarmed Combat | 3 |  3.1
Fighting       | |  0.8
Dodging        | |  1.8
Transmutations | |  1.9

Action                   || total
-------------------------++-------
Melee: Unarmed           ||    35
       Kick              ||     7
       Punch             ||     1
 Cast: Beastly Appendage ||     8
Armor: Robe              ||     2
       Ring mail         ||     2
Dodge: Dodged            ||    17
